 Dungeon Crawl Stone Soup version 0.24-a0-459-g225fefd530 (webtiles) character file.

Game seed: 2467647145360906499

14173 gruber the Grappler (level 11, -9/101 HPs)
             Began as a Red Draconian Transmuter on June 28, 2019.
             Was an Elder of Makhleb.
             Mangled by a tengu reaver
             ... wielding a +2 broad axe of draining
              (18 damage)
             ... on level 11 of the Dungeon.
             The game lasted 00:24:25 (14369 turns).

gruber the Grappler (Red Draconian Transmuter)     Turns: 14369, Time: 00:24:25

Health: -9/101     AC:  8    Str: 13    XL:     11   Next: 85%
Magic:  20/20      EV: 13    Int: 17    God:    Makhleb [****..]
Gold:   595        SH:  0    Dex: 11    Spells: 2/22 levels left

rFire    + . .     SeeInvis .     - Unarmed
rCold    . . .     Gourm    +   (no shield)
rNeg     . . .     Faith    .   (armour unavailable)
rPois    +         Spirit   .   (helmet restricted)
rElec    .         Reflect  .   (no cloak)
rCorr    .         Harm     .   j - +0 pair of gloves
MR       .....                  (no boots)
Stlth    ..........             B - amulet of the gourmand
HPRegen  0.26/turn              u - ring of attention (curse)
MPRegen  0.17/turn              i - ring of poison resistance

@: lightly drained
A: breathe fire, unfitting armour, fire resistance 1, cold-blooded, AC +7
a: Breathe Fire, Minor Destruction, Lesser Servant of Makhleb, Major
Destruction, Renounce Religion


You were on level 11 of the Dungeon.
You worshipped Makhleb.
Makhleb was greatly pleased with you.
You were very full.

You visited 1 branch of the dungeon, and saw 11 of its levels.

You collected 694 gold pieces.
You spent 99 gold pieces at shops.

Inventory:

Missiles
 a - 171 arrows
 k - 74 poisoned darts (quivered)
 z - a throwing net
Armour
 j - a +0 pair of gloves (worn)
Jewellery
 g - an uncursed ring of resist corrosion
 i - a ring of poison resistance (right hand)
 t - a +2 ring of strength
 u - a cursed ring of attention (left hand)
 B - an amulet of the gourmand (around neck)
Wands
 v - a wand of flame (19)
 x - a wand of acid (9)
 F - a wand of iceblast (7)
 I - a wand of random effects (22)
 K - a wand of disintegration (8)
Scrolls
 f - 13 scrolls of identify
 l - 4 scrolls of amnesia {unknown}
 n - 2 scrolls of immolation {unknown}
 o - 9 scrolls of remove curse {unknown}
 q - 4 scrolls of teleportation
 s - a scroll of enchant weapon {unknown}
 w - 2 scrolls of random uselessness {unknown}
 y - a scroll of enchant armour {unknown}
 D - 2 scrolls of noise {unknown}
 H - a scroll of vulnerability {unknown}
Potions
 b - a potion of lignification
 d - 6 potions of curing
 e - a potion of magic {unknown}
 h - 2 potions of agility {unknown}
 m - a potion of resistance
 p - 4 potions of brilliance {unknown}
 r - a potion of mutation {unknown}
 A - 4 potions of degeneration {unknown}
 C - 2 potions of haste {unknown}
 E - a potion of invisibility {unknown}
 G - a potion of cancellation {unknown}
 J - a potion of heal wounds {unknown}
Comestibles
 c - 26 rations


   Skills:
 - Level 10.4(10.2) Fighting
 * Level 3.6(3.4) Dodging
 - Level 11.0(10.8) Unarmed Combat
 - Level 6.0(5.8) Spellcasting
 - Level 0.4(0.2) Necromancy
 - Level 10.2(10.0) Transmutations
 - Level 4.1(3.9) Poison Magic


You had 2 spell levels left.
You knew the following spells:

 Your Spells              Type           Power        Failure   Level  Hunger
a - Beastly Appendage     Tmut           #####.       1%          1    None
b - Sticks to Snakes      Tmut           #####...     1%          2    #......
c - Spider Form           Tmut/Pois      ####......   2%          3    ##.....
d - Ice Form              Ice/Tmut       ###.....     16%         4    ####...
e - Shroud of Golubria    Chrm/Tloc      #.....       21%         2    #......
f - Regeneration          Chrm/Necr      #.........   36%         3    ##.....
g - Blade Hands           Tmut           #####.....   6%          5    ######.

Your spell library contained the following spells:

 Spells                   Type           Power        Failure   Level  Hunger
 Infusion                 Chrm           #...         13%         1    None
 Shock                    Conj/Air       #...         13%         1    None
 Song of Slaying          Chrm           #.......     21%         2    #......
 Swiftness                Chrm/Air       #.......     21%         2    #......
 Spectral Weapon          Hex/Chrm       #.......     36%         3    ##.....
 Static Discharge         Conj/Air       #.......     36%         3    ##.....
 Yara's Violent Unravell  Hex/Tmut       ###.......   41%         5    ######.
 Airstrike                Air            #.........   78%         4    ####...
 Cause Fear               Hex            #.........   78%         4    ####...
 Lightning Bolt           Conj/Air       #.........   98%         5    ######.
 Silence                  Hex/Air        #.........   98%         5    ######.
 Deflect Missiles         Chrm/Air       #.........   100%        6    #######
 Discord                  Hex            #.........   100%        8    #######


Dungeon Overview and Level Annotations

Branches:
Dungeon (11/15)            Temple (0/1) D:5            Lair (0/6) D:10
    Orc (0/2) D:9

Altars:
Ashenzari
Cheibriados
Dithmenos
Hepliaklqana
Makhleb
Okawaru
Sif Muna
Trog
Wu Jian

Shops:
D:7 ?

Annotations:
D:5 2 transporters, hitsuchi's ghost, novice DrTm
D:11 1 runed translucent door, EWolf's ghost, journeyman HOFi


Innate Abilities, Weirdness & Mutations

You can breathe blasts of fire.
Your fiery red scales are hard. (AC +7)
You cannot fit into any form of body armour.
Your flesh is heat resistant. (rF+)
You are cold-blooded and may be slowed by cold attacks.


Message History

The deep elf mage gestures at you while chanting.
The bolt of magma hits you!!
You hear a shout!
You hit the deep elf mage but do no damage.
The deep elf mage is heavily wounded.
The tengu reaver enters a dispersal trap!
The deep elf mage blinks!
The centaur zombie blinks!
The earth elemental blinks! x2; You blink.
Unknown command.
The earth elemental hits you!
You closely miss the tengu reaver. The tengu reaver completely misses you.
The tengu reaver pecks you! The tengu reaver claws you!
The earth elemental hits you!!!
* * * LOW HITPOINT WARNING * * *
You completely miss the tengu reaver.
It was a potion of curing.
You feel better.
Your transformation has ended.
Your +0 pair of gloves unmelds from your body.
The tengu reaver hits you with a +2 broad axe of draining!!
You die...

#............†..
#..............†
#..............#
########.........#
###......###.......#
####.^.####...###.....#
#...≈.##Z.###...###.[.#
#....##.Qe...##....#.[.#
#.≈..
#E@####QZ##.[≈†##[# ...≈
#.E## #..##≈...#.# ≈..
#..## #..#...≈#.# )≈ #8^
.8#.)≈.#.# . #..
.#≈...#.# #^. #≈...#.#
#8. #.≈≈.#.# ...
#...≈#.# #≈...#.#


You could see a tengu reaver, 2 earth elementals, a deep elf mage and a centaur
zombie.

Vanquished Creatures
  A two-headed ogre (D:8)
  Pikel (D:8)
  A cyclops (D:11)
  An ugly thing (D:8)
  A guardian serpent (D:10)
  A gargoyle (D:11)
  A hornet (D:8)
  4 trolls
  Grinder (D:3)
  A hippogriff (D:10)
  Sigmund (D:3)
  A shadow (D:6)
  A wyvern (D:10)
  13 yaks
  A human (D:9)
  3 hogs (D:9)
  Menkaure (D:4)
  2 water moccasins (D:8)
  3 orc warriors
  3 sky beasts
  A slave (D:8)
  2 phantoms (D:6)
  A necrophage (D:7)
  6 centaurs
  5 ogres
  A crocodile (D:7)
  8 bullfrogs
  9 scorpions
  6 killer bees (D:11)
  9 wights
  3 howler monkeys
  An electric eel (D:8)
  3 bullfrog zombies
  2 crimson imps
  2 bullfrog skeletons
  5 hounds
  3 jellies
  10 orc priests
  7 orc wizards
  Jessica (D:3)
  4 iguanas
  6 worker ants
  A hound zombie (D:10)
  A hound skeleton (D:9)
  11 adders
  6 shadow imps
  An ooze (D:1)
  2 adder zombies (D:5)
  2 adder skeletons
  2 dart slugs (D:3)
  4 worms
  6 leopard geckos
  40 orcs
  9 giant cockroaches
  7 goblins
  3 hobgoblins
  3 quokkas
  4 ball pythons
  11 bats
  5 frilled lizards
  6 kobolds
  A leopard gecko skeleton (D:6)
  A quokka skeleton (D:3)
  6 rats
269 creatures vanquished.

Vanquished Creatures (collateral kills)
  4 two-headed ogres
  A guardian serpent (D:10)
  A troll (D:10)
  A hippogriff (D:8)
  4 yaks (D:9)
  An ogre (D:8)
  2 wights (D:8)
  4 orcs
  A goblin (D:3)
  A quokka (D:6)
  A frilled lizard (D:2)
21 creatures vanquished.

Vanquished Creatures (others)
  2 slaves (D:8)
  An ogre (D:8)
  A wight (D:8)
  10 plants
14 creatures vanquished.

Grand Total: 304 creatures vanquished

Notes
Turn   | Place    | Note
-------+----------+-------------------------------------------
     0 | D:1      | gruber the Draconian Transmuter began the quest for the
                  | Orb.
     0 | D:1      | Reached XP level 1. HP: 16/16 MP: 3/3
    83 | D:1      | Reached XP level 2. HP: 17/23 MP: 5/5
   295 | D:1      | Learned a level 2 spell: Sticks to Snakes
   408 | D:1      | Reached skill level 4 in Unarmed Combat
   493 | D:1      | You fall into a shaft and drop 1 floor!
   730 | D:2      | Reached XP level 3. HP: 28/28 MP: 2/6
   737 | D:2      | Learned a level 3 spell: Spider Form
  1645 | D:3      | Noticed Jessica
  1647 | D:3      | Killed Jessica
  1647 | D:3      | Reached skill level 5 in Unarmed Combat
  1647 | D:3      | Reached XP level 4. HP: 35/35 MP: 3/7
  1935 | D:3      | Noticed Grinder
  1945 | D:3      | Killed Grinder
  1945 | D:3      | Reached skill level 6 in Unarmed Combat
  1945 | D:3      | Reached XP level 5. HP: 40/40 MP: 3/8
  1945 | D:3      | Reached XP level 6. HP: 47/47 MP: 3/9
  2134 | D:3      | Reached skill level 7 in Unarmed Combat
  2430 | D:3      | Noticed Sigmund
  2438 | D:3      | Reached skill level 1 in Poison Magic
  2440 | D:3      | Killed Sigmund
  2450 | D:3      | Your scales start taking on a fiery red colour.
  2450 | D:3      | Reached XP level 7. HP: 6/52 MP: 4/10
  2450 | D:3      | Gained mutation: Your flesh is heat resistant. (rF+) [Red
                  | Draconian growth]
  2774 | D:3      | Found an iron altar of Okawaru.
  2945 | D:4      | Found a shadowy altar of Dithmenos.
  2971 | D:4      | Found a bloodstained altar of Trog.
  2980 | D:4      | Found a snail-covered altar of Cheibriados.
  3683 | D:4      | Noticed Menkaure
  3700 | D:4      | Killed Menkaure
  3956 | D:4      | Reached XP level 8. HP: 66/66 MP: 7/11
  3999 | D:4      | Found a burning altar of Makhleb.
  4111 | D:4      | Became a worshipper of Makhleb the Destroyer
  4148 | D:5      | Entered Level 5 of the Dungeon
  4161 | D:5      | Found a hazy altar of Hepliaklqana.
  4161 | D:5      | Found a shattered altar of Ashenzari.
  4395 | D:5      | Identified the +3 buckler of the Dungeon {rC- rCorr Int+2}
  4404 | D:5      | Reached skill level 5 in Fighting
  4686 | D:5      | Found a transporter.
  4700 | D:5      | You fall into a shaft and drop 3 floors!
  4856 | D:6      | Reached * piety under Makhleb
  5027 | D:6      | Reached skill level 5 in Transmutations
  5600 | D:5      | Found a transporter.
  5632 | D:5      | Noticed hitsuchi's ghost (novice DrTm)
  5734 | D:5      | Found a hazy altar of Hepliaklqana.
  5851 | D:5      | Found a staircase to the Ecumenical Temple.
  5970 | D:5      | Found an ornate altar of the Wu Jian Council.
  6113 | D:6      | Reached XP level 9. HP: 55/79 MP: 3/12
  6295 | D:6      | You fall into a shaft and drop 2 floors!
  6346 | D:8      | Learned a level 4 spell: Ice Form
  6371 | D:8      | Noticed Pikel
  6387 | D:8      | Killed Pikel
  6628 | D:8      | Reached ** piety under Makhleb
  6684 | D:8      | Noticed a two-headed ogre
  6718 | D:8      | Killed a two-headed ogre
  6996 | D:8      | Reached skill level 10 in Transmutations
  7200 | D:8      | Learned a level 2 spell: Shroud of Golubria
  7430 | D:7      | Found Hocryol's Magic Scroll Boutique.
  7440 | D:7      | Bought a scroll of teleportation for 33 gold pieces
  7440 | D:7      | Bought a scroll of identify for 22 gold pieces
  7440 | D:7      | Bought a scroll of identify for 22 gold pieces
  7440 | D:7      | Bought a scroll of identify for 22 gold pieces
  7479 | D:6      | Reached XP level 10. HP: 12/86 MP: 8/14
  8463 | D:9      | Noticed a two-headed ogre
  8488 | D:8      | Killed a two-headed ogre
  8566 | D:9      | Noticed a brown ugly thing
  8566 | D:9      | Noticed a two-headed ogre
  8581 | D:8      | Reached skill level 5 in Spellcasting
  8911 | D:8      | Killed a brown ugly thing
  9068 | D:9      | HP: 4/85 [troll (13)]
  9521 | D:9      | Killed a two-headed ogre
  9521 | D:9      | Noticed a two-headed ogre
  9524 | D:9      | Reached skill level 8 in Unarmed Combat
  9756 | D:9      | Reached *** piety under Makhleb
  9810 | D:9      | Reached skill level 9 in Unarmed Combat
 10036 | D:9      | Killed a two-headed ogre
 10277 | D:9      | Reached skill level 10 in Unarmed Combat
 10277 | D:9      | Reached XP level 11. HP: 73/91 MP: 12/20
 10651 | D:9      | Found a staircase to the Orcish Mines.
 10805 | D:9      | Found a deep blue altar of Sif Muna.
 11049 | D:10     | Entered Level 10 of the Dungeon
 11115 | D:10     | Reached skill level 11 in Unarmed Combat
 12069 | D:10     | Found a staircase to the Lair.
 12185 | D:10     | Learned a level 3 spell: Regeneration
 12191 | D:10     | Learned a level 5 spell: Blade Hands
 12658 | D:11     | Reached **** piety under Makhleb
 12744 | D:11     | Noticed a two-headed ogre
 12754 | D:11     | Killed a two-headed ogre
 13099 | D:11     | Found a runed translucent door.
 13100 | D:11     | Identified the cursed +1 spear of Foolhardiness {pierce,
                  | rC+ Dex+2 Stlth+}
 13101 | D:11     | Noticed EWolf's ghost (journeyman HOFi)
 13310 | D:11     | Reached skill level 10 in Fighting
 14354 | D:11     | Noticed a deep elf mage
 14365 | D:11     | Noticed a tengu reaver
 14367 | D:11     | HP: 2/100 [earth elemental[a deep elf mage] (36)]
 14369 | D:11     | Mangled by a tengu reaver

Levels and vault maps discovered:
D:1:      dpeg_arrival_simpleton_c, layout_basic
D:2:      layout_loops_corners
D:3:      layout_basic, first_ration, okawaru_trees_1, uniq_grinder,
          uniq_sigmund, uniq_jessica
D:4:      layout_cave_pods, lemuel_round_altar, amethyst_overflow_temple_binary,
          nicolae_dithmenos_the_darkroom, uniq_menkaure
D:5:      layout_rooms, lemuel_coloured_pillars_altar, old_standard_altar,
          minmay_temple_entry_from_below_a, gammafunk_ghost_gnarly_gnolls,
          hangedman_feature_mirror, roderic_batcave,
          minmay_misc_feat_more_columns
D:6:      layout_basic, minmay_statues_item
D:7:      layout_rooms, serial_shops, shop_scrolls, minmay_microvault
D:8:      layout_loops_ring, kennysheep_small_spiral, uniq_pikel
D:9:      layout_cross, kennysheep_mini_moat, grunt_livestock,
          corexii_leaking_fountain
D:10:     nrook_guardian_serpent_snake_passage, layout_basic, lair_entry_dummy
D:11:     layout_small_grid, ebering_ghost_funeral_grove, nzn_random_ring

Skill      XL: |  1  2  3  4  5  6  7  8  9 10 11 |
---------------+----------------------------------+-----
Unarmed Combat | 4 5 6 7 10 11 | 11.0
Poison Magic   | 3 4 |  4.1
Transmutations | 4 6 10 | 10.2
Fighting       | 3 7 10 | 10.4
Spellcasting   | 3 6 |  6.0
Dodging        | 3 |  3.6
Necromancy     | |  0.4

Action                   |  1- 3 |  4- 6 |  7- 9 | 10-12 || total
-------------------------+-------+-------+-------+-------++-------
Melee: Unarmed           |    95 |    66 |   340 |   402 ||   903
       Kick              |     9 |     5 |       |       ||    14
       Tailslap          |     6 |     3 |     2 |     2 ||    13
       Headbutt          |     2 |       |       |       ||     2
       Punch             |       |       |       |     3 ||     3
Throw: Dart              |       |       |     4 |       ||     4
 Cast: Beastly Appendage |    18 |     7 |       |     1 ||    26
       Sticks to Snakes  |     3 |       |    15 |    50 ||    68
       Spider Form       |     2 |     3 |    48 |    39 ||    92
       Ice Form          |       |       |     2 |     9 ||    11
       Blade Hands       |       |       |       |     5 ||     5
       Regeneration      |       |       |       |     1 ||     1
Evoke: Wand              |       |       |     2 |       ||     2
  Use: Potion            |       |       |       |     1 ||     1
 Stab: Sleeping          |     1 |       |       |       ||     1
       Distracted        |       |       |       |     3 ||     3
  Eat: Chunk             |     2 |     3 |    21 |    35 ||    61
       Ration            |       |       |     1 |       ||     1
Armor: Skin              |    21 |    12 |    41 |    36 ||   110
Dodge: Dodged            |    54 |    32 |   259 |   329 ||   674

Table legend:
 A = Non-vault XP
 B = Vault XP
 C = Vault XP percentage of total XP
 D = Non-vault monster count
 E = Vault monster count
 F = Vault count percentage of total count
                 A         B        C        D         E       F
            +---------+---------+-------+---------+---------+-------
      Total |   15535 |    4713 |  23.3 |     255 |      34 |  11.8
            +---------+---------+-------+---------+---------+-------
        D:1 |      30 |       0 |   0.0 |      16 |       0 |   0.0
        D:2 |      57 |       0 |   0.0 |      17 |       0 |   0.0
        D:3 |     162 |     537 |  76.8 |      32 |       3 |   8.6
        D:4 |     517 |     172 |  25.0 |      17 |       1 |   5.6
        D:5 |     462 |      11 |   2.3 |      19 |       8 |  29.6
        D:6 |    1228 |       0 |   0.0 |      31 |       0 |   0.0
        D:7 |     600 |     108 |  15.3 |      11 |       1 |   8.3
        D:8 |    4119 |     629 |  13.2 |      32 |       1 |   3.0
        D:9 |    3639 |     989 |  21.4 |      31 |       5 |  13.9
       D:10 |    1818 |     755 |  29.3 |      15 |       2 |  11.8
       D:11 |    2903 |    1512 |  34.2 |      34 |      13 |  27.7
            +---------+---------+-------+---------+---------+-------
